 Dungeon Crawl Stone Soup version 0.28.0-62-gf88900778d (webtiles) character file.

Game seed: 848246719735731927

142 AarnesTheHuman the Changer (level 5, 0/33 HPs)
             Began as an Octopode Transmuter on Sept 19, 2023.
             Killed from afar by a white imp (10 damage)
             ... with a puff of frost
             ... summoned by Natasha
             ... on level 3 of the Dungeon.
             The game lasted 00:04:46 (3734 turns).

AarnesTheHuman the Changer (Octopode Transmuter)    Turns: 3734, Time: 00:04:47

Health: 0/33       AC:  1    Str: 10    XL:     5   Next: 24%
Magic:  8/9        EV: 13    Int: 17    God:
Gold:   63         SH:  0    Dex: 12    Spells: 3/10 levels left

rFire   . . .      SeeInvis .     - Unarmed
rCold   . . .      Faith    .   (no shield)
rNeg    . . .      Spirit   .   (helmet currently unavailable)
rPois   .          Reflect  .   (no amulet)
rElec   .          Harm     .   (no ring)
rCorr   .          Rampage  .   (no ring)
Will    .....                   (no ring)
Stlth   +++.......              (no ring)
HPRegen 0.11/turn               (no ring)
MPRegen 0.11/turn               (no ring)
                                (no ring)
                                (no ring)

@: appendages
A: tentacle spike 3, almost no armour, amphibious, 8 rings, camouflage 1,
gelatinous body 1, (nimble swimmer 1), tentacles
a: End Transformation


You were on level 3 of the Dungeon.
One of your tentacles had grown a beastly spike.
You visited 1 branch of the dungeon, and saw 3 of its levels.

You collected 63 gold pieces.

Inventory:

Hand Weapons
 j - a +1 whip of electrocution
Missiles
 e - 176 stones
Scrolls
 b - a scroll of enchant weapon
 f - 2 scrolls of identify
 g - a scroll of enchant armour
Potions
 a - 2 potions of lignification
 c - a potion of degeneration {unknown}
 d - a potion of attraction {unknown}


   Skills:
 - Level 1.0 Fighting
 - Level 2.0 Dodging
 - Level 1.0 Stealth
 - Level 3.0 Unarmed Combat
 - Level 3.0 Spellcasting
 + Level 4.4 Transmutations
 + Level 0.8 Ice Magic


You had 3 spell levels left.
You knew the following spells:

 Your Spells              Type           Power      Damage    Failure   Level
a - Beastly Appendage     Tmut           34%        N/A       3%          1
b - Wereblood             Tmut           17%        N/A       4%          2
c - Ice Form              Ice/Tmut       11%        N/A       52%         4

Your spell library contained the following spells:

 Spells                   Type           Power      Damage    Failure   Level
 Spider Form              Tmut/Pois      10%        N/A       22%         3
 Sublimation of Blood     Necr           2%         N/A       26%         2
 Summon Hydra             Summ           1%         N/A       100%        7


Dungeon Overview and Level Annotations

Branches:
Dungeon (3/15)

Altars:

Shops:
D:2 *   D:3 (*((

Annotations:
D:3 exclusion: steam dragon, Natasha


Innate Abilities, Weirdness & Mutations

One of your tentacles has grown a beastly spike.
You cannot wear most types of armour.
You are amphibious.
You can wear up to eight rings at the same time.
Your skin changes colour to match your surroundings (Stealth+).
Your rubbery body absorbs attacks. (AC +1, EV +1)
((You are camouflaged when in or above water. (Stealth+)))
You have tentacles for arms and can constrict up to eight enemies at once.


Message History

Natasha yowls pathetically as she dies!
You start resting.
Magic restored.
You start resting.
Your transformation is almost over.
Your tentacle spike disappears.
HP restored.
Partly explored, can't reach some places.
Partly explored, can't reach some places.
Level map cleared.
You see here a +0 dagger.
Items here: ( )))))))) [[[.
There is an open door here.
Natasha, Servant of Life and Death comes into view.
Casting: Beastly Appendage (safe; 3% risk of failure)
Confirm with . or Enter, or press ? or * to list all spells.
One of your tentacles grows a vicious spike.
Natasha mumbles some strange words.
Natasha claws you. The white imp gestures at you. The puff of frost hits you.
You tentacle-slap Natasha. Your grab misses Natasha.
Natasha is lightly wounded.
Natasha closely misses you. The white imp gestures at you.
The puff of frost hits you!
You tentacle-slap Natasha. Your grab misses Natasha.
You squeeze Natasha, but do no damage.
Natasha is moderately wounded.
Natasha claws you!
You tentacle-slap Natasha. Your grab misses Natasha.
Your tentacle spike misses Natasha.
Your squeeze misses Natasha.
Natasha is moderately wounded.
The white imp barely misses you. Natasha closely misses you.
You tentacle-slap Natasha but do no damage.
You grab Natasha.
Natasha is moderately wounded.
You constrict Natasha. The white imp gestures at you.
The puff of frost hits you!
You die...

******,****,,*,*,*,*
,,),,÷,,,,,....*,*.# *******
******,,<..,.#.#,*.##***,,,,,****
,,,,,,,,<...,...,,..,,.........,*
,,******,#..##..##.##.#...#...#**
,,* *,,,,.........*#..#.#....#
,,* ***,*,,......#*#...∩.....#
,,******,#####.#.5# #..#.#....#
,,,,,,,,,.......@h# #.#...#...#
,,,,,,,,,.####....# #.........#
,,,,,,,,,,* #....###.#.......###
,,,,,,,,,,* #...................
,,,,,,,,,,* ####.#######.######.
,,,,,,,,,,* #..* #.######'
,,,,,,,,,,* ##.# #........
,,,,,,,,,,* *.#* #........
,,,,,,,,,,* *..* #.......#


You could see Natasha and a white imp (summoned).

Vanquished Creatures
  Natasha (D:3)
  Terence (D:2)
  Robin (D:3)
  An adder (D:2)
  An adder skeleton (D:2)
  2 orcs (D:3)
  7 bats
  2 endoplasms
  8 goblins
  8 hobgoblins
  5 quokkas
  5 ball pythons
  4 frilled lizards
  10 kobolds
  8 rats
64 creatures vanquished.

Vanquished Creatures (others)
  8 plants (D:2)
8 creatures vanquished.

Grand Total: 72 creatures vanquished

Notes
Turn   | Place    | Note
-------+----------+-------------------------------------------
     0 | D:1      | AarnesTheHuman the Octopode Transmuter began the quest for
                  | the Orb.
     0 | D:1      | Reached XP level 1. HP: 13/13 MP: 3/3
    65 | D:1      | Reached skill level 1 in Stealth
   299 | D:1      | Found a faded altar of an unknown god.
   303 | D:1      | Reached XP level 2. HP: 18/18 MP: 3/5
   373 | D:1      | Learned a level 2 spell: Wereblood
   815 | D:1      | Reached XP level 3. HP: 23/23 MP: 4/6
  1434 | D:2      | Noticed Terence
  1450 | D:2      | Killed Terence
  1451 | D:2      | Reached skill level 3 in Transmutations
  1735 | D:2      | Found Wiwnuvia's Assorted Antiques.
  1922 | D:2      | Reached XP level 4. HP: 28/28 MP: 6/8
  2931 | D:3      | Found Lyifreot's Antique Weapon Shoppe.
  3021 | D:3      | Found Miloy's Antique Weapon Emporium.
  3150 | D:3      | Noticed Robin
  3162 | D:3      | Reached skill level 4 in Transmutations
  3169 | D:3      | Killed Robin
  3172 | D:3      | Reached XP level 5. HP: 30/33 MP: 7/9
  3177 | D:3      | Learned a level 4 spell: Ice Form
  3210 | D:3      | Found Coxtioc's Weapon Shoppe.
  3228 | D:3      | Found Misku's General Store.
  3380 | D:3      | Noticed Natasha
  3380 | D:3      | Noticed a steam dragon
  3393 | D:3      | Killed Natasha
  3587 | D:3      | Found Miloy's Antique Weapon Emporium.
  3707 | D:3      | Found Coxtioc's Weapon Shoppe.
  3712 | D:3      | Found Misku's General Store.
  3726 | D:3      | Noticed Natasha
  3734 | D:3      | Killed from afar by a white imp

Illustrated notes

Levels and vault maps discovered:
D:1:      minmay_arrival_four_circles, layout_loops_corners,
          nicolae_ecumenical_lake_church
D:2:      layout_basic, serial_shops, nicolae_shop_overgrown_old_shop,
          minivault_25, lexackson_kobold_supper, uniq_terence
D:3:      layout_basic, serial_shops, nicolae_shop_behind_doors, shop_fountains,
          nicolae_shop_hallway_stairs, nicolae_shop_advertising_works
          [nicolae_subvault_shop_adworks], nicolae_shop_stone, minmay_ruptured,
          uniq_natasha, uniq_robin

Skill      XL: |  1  2  3  4 |
---------------+-------------+-----
Stealth        | 1 |  1.0
Transmutations | 3 4 |  4.4
Spellcasting   | 3 |  3.0
Fighting       | |  1.0
Dodging        | |  2.0
Unarmed Combat | |  3.0
Ice Magic      | |  0.8

Action                   |  1- 3 |  4- 6 || total
-------------------------+-------+-------++-------
Melee: Unarmed           |    62 |    67 ||   129
       Kick              |    16 |    13 ||    29
       Constrict         |    20 |    16 ||    36
       Tentacles         |     9 |    13 ||    22
       Punch             |     2 |     2 ||     4
 Cast: Beastly Appendage |    19 |     9 ||    28
       Wereblood         |     3 |     4 ||     7
  Use: Scroll            |       |     8 ||     8
 Stab: Sleeping          |     8 |     1 ||     9
Armor: Skin              |     2 |     3 ||     5
Dodge: Dodged            |    41 |    39 ||    80
